 Dungeon Crawl Stone Soup version 0.31-a0-236-g9a0961fb85 (webtiles) character file.

Game seed: 4330691571826212470

59 qw the Shooter (level 4, -4/26 HPs)
             Began as a Gargoyle Hexslinger on July 10, 2023.
             Killed from afar by Natasha (6 damage)
             ... with a magic dart
             ... on level 2 of the Dungeon.
             The game lasted 00:00:21 (1056 turns).

qw the Shooter (Gargoyle Hexslinger)                Turns: 1056, Time: 00:00:21

Health: -4/26      AC:  9    Str: 11    XL:     4   Next: 3%
Magic:  5/5        EV: 12    Int: 14    God:
Gold:   71         SH:  0    Dex: 14    Spells: 4/5 levels left

rFire   . . .        a - +1 sling
rCold   . . .        (no shield)
rNeg    + . .        c - +0 robe
rPois   inf          (no helmet)
rElec   +            (no cloak)
rCorr   .            (no gloves)
SInv    .            (no boots)
Will    .....        (no amulet)
Stlth   +            d - +4 ring of protection
HPRegen 0.24/turn    (no ring)
MPRegen 0.09/turn

%: no passive effects
@: slowed, very slow
A: sickness immunity, AC +3, negative energy resistance 1, electricity
resistance, torment resistance 1, petrification resistance
a: no special abilities


You were on level 2 of the Dungeon.
You visited 1 branch of the dungeon, and saw 2 of its levels.

You collected 71 gold pieces.


Innate Abilities, Weirdness & Mutations

You are immune to sickness and miasma.
Your stone body is resilient. (AC +3)
You are immune to poison.
You resist negative energy. (rN+)
You are resistant to electric shocks. (rElec)
You are resistant to unholy torment.
You are immune to petrification.


   Skills:
 - Level 2.0 Fighting
 + Level 3.9 Ranged Weapons
 - Level 1.5 Dodging
 - Level 1.0 Spellcasting
 - Level 2.6 Hexes


You had 4 spell levels left.
You knew the following spells:

 Your Spells              Type           Power      Damage    Failure   Level
a - Slow                  Hex            32%        N/A       9%          1

Your spell library contained the following spells:

 Spells                   Type           Power      Damage    Failure   Level
 Inner Flame              Hex/Fire       4%         N/A       41%         3
 Portal Projectile        Hex/Tloc       8%         N/A       41%         3
 Cause Fear               Hex            4%         N/A       65%         4

Inventory:

Hand Weapons
 a - a +1 sling (weapon)
Armour
 c - a +0 robe (worn)
Jewellery
 d - a +4 ring of protection (left hand)
Scrolls
 f - a scroll of identify {unknown}
Potions
 b - a potion of mutation {unknown}
 e - a potion of might {unknown}
 g - a potion of heal wounds {unknown}

Dungeon Overview and Level Annotations

Branches:
Dungeon (2/15)

Altars:

Annotations:
D:2 Natasha


Message History

The cerulean imp hits you but does no damage.
You shoot a sling bullet.
The sling bullet closely misses Natasha.
The cerulean imp hits you but does no damage.
The cerulean imp closely misses you. Natasha misses you.
You shoot a sling bullet. The sling bullet barely misses Natasha.
The sling bullet misses the cerulean imp.
The cerulean imp completely misses you. Natasha claws you but does no damage.
The cerulean imp closely misses you. Natasha barely misses you.
You shoot a sling bullet. The sling bullet hits Natasha!
Natasha is heavily wounded.
The cerulean imp hits you from afar with a +1 spear.
Natasha closely misses you. The cerulean imp barely misses you.
You shoot a sling bullet. The sling bullet barely misses Natasha.
The sling bullet hits the cerulean imp but does no damage.
Natasha claws you! The cerulean imp barely misses you.
Natasha claws you but does no damage.
The cerulean imp hits you from afar with a +1 spear.
You shoot a sling bullet. The sling bullet barely misses Natasha.
The sling bullet hits the cerulean imp!
The cerulean imp is heavily wounded.
Natasha claws you but does no damage.
The cerulean imp hits you from afar with a +1 spear.
Natasha claws you.
You shoot a sling bullet. The sling bullet barely misses Natasha.
The sling bullet barely misses the cerulean imp.
The cerulean imp hits you from afar with a +1 spear.
Natasha claws you but does no damage. The cerulean imp barely misses you.
Natasha closely misses you.
You shoot a sling bullet. The sling bullet barely misses Natasha.
The sling bullet hits the cerulean imp.
The cerulean imp is severely wounded.
The cerulean imp hits you from afar with a +1 spear.
Natasha claws you. The cerulean imp misses you. Natasha closely misses you.
You shoot a sling bullet. The sling bullet hits Natasha.
Natasha is severely wounded.
The cerulean imp hits you but does no damage.
Natasha casts a spell at you. The magic dart hits you.
You die...

#.###.#.##+#.........
####.#.....#......#.....
#.#..#.#%#.#......#.###...
.........#.#......+.......
.##..#...#.<......#.#####.
#...#.####.#.)..#.# ###
#...#...##.#....#.# #..
..#. ###.##.######.####.#
## #. #@##.# #......# .
#..h.# #..)...# .. #..5.#
+......# #....# #......#
+..... ######.# #.....#
#.. ....... ### ........#
# #


You could see Natasha and a cerulean imp (summoned).

Vanquished Creatures
  Jessica (D:2)
  A worm (D:2)
  A dart slug (D:1)
  3 bats (D:1)
  3 endoplasms
  2 giant cockroaches (D:1)
  A goblin (D:2)
  2 hobgoblins (D:1)
  2 jackals (D:2)
  5 kobolds
  3 ball pythons (D:1)
  2 frilled lizards (D:1)
  2 rats (D:1)
28 creatures vanquished.

Notes
Turn   | Place    | Note
-------+----------+-------------------------------------------
     0 | D:1      | qw the Gargoyle Hexslinger began the quest for the Orb.
     0 | D:1      | Reached XP level 1. HP: 12/12 MP: 2/2
     0 | D:1      | 0 ||| qw: Version: 0.3-a-52-g30416fa
     0 | D:1      | 0 ||| qw: Game counter: 4762
     0 | D:1      | 0 ||| qw: Melee chars always use a shield: true
     0 | D:1      | 0 ||| qw: God list: Okawaru
     0 | D:1      | 0 ||| qw: Allow faded altars: false
     0 | D:1      | 0 ||| qw: Do Orc after clearing Dungeon:15 true
     0 | D:1      | 0 ||| qw: Do second Lair branch before Depths: true
     0 | D:1      | 0 ||| qw: Lair rune preference: random
     0 | D:1      | 0 ||| qw: Goals: Normal
     0 | D:1      | 0 ||| PLANNING D:1-11
   217 | D:1      | Reached XP level 2. HP: 16/16 MP: 3/3
   270 | D:1      | Reached skill level 3 in Ranged Weapons
   715 | D:1      | 715 ||| UPGRADING to +4 ring of protection.
   716 | D:1      | 716 ||| DROPPING scroll of poison.
   867 | D:2      | Reached XP level 3. HP: 21/21 MP: 4/4
   985 | D:2      | Noticed Jessica
   987 | D:2      | Killed Jessica
  1011 | D:2      | Reached XP level 4. HP: 20/26 MP: 5/5
  1043 | D:2      | Noticed Natasha
  1054 | D:2      | HP: 3/26 [cerulean imp/+1 spear[Natasha] (4)]
  1056 | D:2      | Killed from afar by Natasha

Levels and vault maps discovered:
D:1:      dpeg_arrival_circle_labyrinth_c, layout_basic
D:2:      layout_basic, uniq_jessica, uniq_natasha

Skill      XL: |  1  2 |
---------------+-------+-----
Ranged Weapons | 3 |  3.9
Fighting       | 2 |  2.0
Dodging        | |  1.5
Spellcasting   | |  1.0
Hexes          | |  2.6

Action                     |  1- 3 |  4- 6 || total
---------------------------+-------+-------++-------
   Fire: Sling             |    81 |    13 ||    94
 Armour: Robe              |    11 |     8 ||    19
  Dodge: Dodged            |    24 |    12 ||    36

Table legend:
 A = Non-vault XP
 B = Vault XP
 C = Vault XP percentage of total XP
 D = Non-vault monster count
 E = Vault monster count
 F = Vault count percentage of total count
                 A         B        C        D         E       F
            +---------+---------+-------+---------+---------+-------
      Total |      48 |      37 |  43.5 |      27 |       1 |   3.6
            +---------+---------+-------+---------+---------+-------
        D:1 |      31 |       0 |   0.0 |      20 |       0 |   0.0
        D:2 |      17 |      37 |  68.5 |       7 |       1 |  12.5
            +---------+---------+-------+---------+---------+-------
